 Dungeon Crawl Stone Soup version 0.30.1-11-g7821555f0a (webtiles) character file.

Game seed: 5418454482251644819

488 KyoPewz the Sneak (level 6, 0/28 (31) HPs)
             Began as a Felid Fighter on Jan 2, 2024.
             Slain by a wight
             ... wielding a +0 long sword
              (8 damage)
             ... on level 6 of the Dungeon.
             The game lasted 00:18:54 (5999 turns).

KyoPewz the Sneak (Felid Fighter)                   Turns: 5999, Time: 00:18:55

HP:   0/28 (31)     AC:  2    Str: 18    XL:     6   Next: 90%
MP:   10/10         EV: 20    Int:  9    God:
Gold: 193           SH:  0    Dex: 24    Spells: 6/9 levels left
                                        Lives: 0   Deaths: 2

rFire   . .          .
                       - Unarmed
rCold   . . .        (shield unavailable)
rNeg    . . .        (body armour unavailable)
rPois   .            (helmet unavailable)
rElec   .            (cloak unavailable)
rCorr   .            (gloves unavailable)
SInv    +            (boots unavailable)
Will    .....        (no amulet)
Stlth   ++++         c - +6 ring of dexterity
HPRegen 0.24/turn    o - +6 ring of strength
MPRegen 0.12/turn

%: no passive effects
@: drained, quick
A: very small, claws 1, fangs 3, see invisible, speed 1, shaggy fur 2, stealthy
paws, no weapons or thrown items, no armour, multi-lived
a: no special abilities


You were on level 6 of the Dungeon.
You visited 2 branches of the dungeon, and saw 7 of its levels.

You collected 193 gold pieces.

Inventory:

Jewellery
 c - a +6 ring of dexterity (left paw)
 o - a +6 ring of strength (right paw)
Wands
 j - a wand of quicksilver (6)
Scrolls
 b - 2 scrolls of enchant weapon {unknown}
 f - a scroll of acquirement {unknown}
 g - 2 scrolls of fog {unknown}
 k - a scroll of fear {unknown}
 n - a scroll of silence {unknown}
 p - a scroll of amnesia {unknown}
 t - 3 scrolls of teleportation
 v - a scroll of enchant armour {unknown}
 B - 3 scrolls of blinking
Potions
 a - a potion of magic {unknown}
 d - 4 potions of might
 h - 2 potions of haste
 i - a potion of cancellation {unknown}
 l - a potion of degeneration {unknown}
 m - a potion of flight {unknown}
 q - 5 potions of curing
 s - a potion of attraction {unknown}
 u - a potion of resistance {unknown}


   Skills:
 + Level 6.4 Fighting
 - Level 4.0 Dodging
 - Level 7.6 Stealth
 - Level 4.0 Unarmed Combat
 - Level 2.0 Spellcasting
 - Level 2.0 Conjurations
 - Level 2.0 Air Magic
 - Level 2.0 Poison Magic


You had 6 spell levels left.
You knew the following spells:

 Your Spells              Type           Power      Damage    Failure   Level
x - Mephitic Cloud        Conj/Pois/Air  4%         N/A       41%         3

Your spell library contained the following spells:

 Spells                   Type           Power      Damage    Failure   Level
 Magic Dart               Conj           16%        1d3       14%         1
 Call Imp                 Summ           0%         N/A       45%         2
 Lesser Beckoning         Tloc           0%         N/A       45%         2
 Vhi's Electric Charge    Tloc/Air       4%         N/A       54%         3
 Gell's Gravitas          Tloc           0%         N/A       69%         3
 Teleport Other           Tloc           0%         N/A       69%         3
 Arcjolt                  Conj/Air       2%         1d12      99%         5
 Plasma Beam              Fire/Air       1%         2x1d12    100%        6


Dungeon Overview and Level Annotations

Branches:
Dungeon (6/15)             Temple (1/1) D:4

Altars:
Ashenzari
Cheibriados
Elyvilon
Gozag
Hepliaklqana
Makhleb
Nemelex Xobeh
Qazlal
Ru
Trog
Uskayaw
Vehumet
Wu Jian
Xom
Yredelemnul
Zin


Innate Abilities, Weirdness & Mutations

You have sharp claws.
You have razor-sharp teeth.
You have supernaturally acute eyesight. (SInv)
You cover ground quickly. (Speed+)
You are covered in thick fur. (AC +2)
Your paws help you pounce on unaware monsters.
You are incapable of wielding weapons or throwing items.
You cannot wear armour.
You gain extra lives every three experience levels.


Message History

The wight closely misses you.
You closely miss the wight.
The wight is heavily damaged.
The wight completely misses you.
You scratch the wight but do no damage.
The wight is heavily damaged.
The wight completely misses you.
You closely miss the wight.
The wight is heavily damaged.
The wight misses you.
You barely miss the wight.
The wight is heavily damaged.
The wight completely misses you.
You claw the wight! You bite the wight, but do no damage.
The wight is almost destroyed.
The wight completely misses you.
You scratch the wight.
You destroy the wight!
You scratch the wight but do no damage. You claw the wight.
The wight is lightly damaged.
The wight completely misses you. The orc misses you.
You scratch the wight.
The wight is lightly damaged.
You claw the wight!
The wight is severely damaged.
The wight hits you with a +0 long sword.
You feel drained.
The orc hits you from afar with a +0 trident!
You take 10 damage, and have 21/30 hp.
MASSIVE DAMAGE!!
You scratch the wight.
The wight is almost destroyed.
The wight hits you with a +0 long sword!
You feel drained.
* * * LOW HITPOINT WARNING * * *
The orc completely misses you.
You take 13 damage, and have 8/28 hp.
MASSIVE DAMAGE!!
You scratch the wight but do no damage.
The wight is almost destroyed.
The wight hits you with a +0 long sword!
You die...

...# ##.# ### ...#######
... #......... ..##
..######## ... .## ..#
##. .## ##### ..#....
..# #...######o......
..# ###.......@zzo# ..#
#.......#####...... ..#
#.##.##.# #####
..#####.##.##.##########
.................#.....#
.........#).#..#.#.....#
.......................#
.................#.)...#
..#####.....[[...#.....#
## #


You could see 2 wights and 2 orcs.

Vanquished Creatures
  Menkaure (D:6)
  A sky beast (D:5)
  2 ogres
  A centaur (D:6)
  A phantom (D:5)
  A wight (D:6)
  3 orc priests
  A jelly (D:5)
  A sleepcap (D:5)
  A gnoll bouda (D:5)
  Jessica (D:2)
  Ijyb (D:3)
  An orc wizard (D:6)
  Robin (D:3)
  2 gnolls (D:5)
  5 adders
  A shadow imp (D:5)
  2 ufetubi (D:4)
  4 worms
  4 dart slugs
  10 orcs
  5 endoplasms
  3 giant cockroaches
  12 goblins
  17 hobgoblins
  2 jackals (D:2)
  8 kobolds
  6 quokkas
  6 ball pythons
  7 bats
  4 frilled lizards
  8 rats
123 creatures vanquished.

Notes
Turn   | Place    | Note
-------+----------+-------------------------------------------
     0 | D:1      | KyoPewz the Felid Fighter began the quest for the Orb.
     0 | D:1      | Reached XP level 1. HP: 10/10 MP: 2/2
    16 | D:1      | Reached skill level 1 in Stealth
    87 | D:1      | Reached skill level 2 in Stealth
   107 | D:1      | Reached XP level 2. HP: 14/14 MP: 3/3
   185 | D:1      | Reached skill level 3 in Stealth
   415 | D:1      | Found a faded altar of an unknown god.
   797 | D:2      | Reached skill level 4 in Stealth
   800 | D:2      | Reached XP level 3. HP: 17/17 MP: 4/4
  1148 | D:2      | Found a shimmering altar of Xom.
  1385 | D:2      | Reached skill level 5 in Stealth
  1500 | D:2      | Noticed Jessica
  1509 | D:2      | Killed Jessica
  1510 | D:2      | Reached XP level 4. HP: 18/21 MP: 5/5
  1933 | D:3      | Found a hide-covered altar of Uskayaw.
  1940 | D:3      | Reached skill level 6 in Stealth
  1969 | D:3      | Identified the +2 short sword "Cahih" {speed, rElec Will+}
  2003 | D:3      | Noticed Ijyb
  2006 | D:3      | Killed Ijyb
  2016 | D:3      | Noticed Robin
  2042 | D:3      | Reached XP level 5. HP: 23/24 MP: 6/6
  2078 | D:3      | Identified the +3 robe of Xeshril {rF+}
  2102 | D:3      | Reached skill level 7 in Stealth
  2120 | D:3      | Killed Robin
  2405 | D:3      | Found a glowing silver altar of Zin.
  2515 | D:3      | Learned a level 3 spell: Mephitic Cloud
  2611 | D:4      | Found a hazy altar of Hepliaklqana.
  2691 | D:4      | Found an ornate altar of the Wu Jian Council.
  3198 | D:4      | Found a sacrificial altar of Ru.
  3272 | D:4      | Found a staircase to the Ecumenical Temple.
  3282 | Temple   | Entered the Ecumenical Temple
  3567 | D:5      | Entered Level 5 of the Dungeon
  3930 | D:5      | Noticed an ogre
  3932 | D:5      | Noticed a black bear
  4037 | D:5      | Killed an ogre
  4038 | D:5      | Reached skill level 1 in Spellcasting
  4038 | D:5      | Reached skill level 1 in Conjurations
  4038 | D:5      | Reached skill level 1 in Air Magic
  4038 | D:5      | Reached skill level 1 in Poison Magic
  4038 | D:5      | Gained mutation: You are covered in thick fur. (AC +2)
                  | [Felid growth]
  4038 | D:5      | Reached XP level 6. HP: 28/28 MP: 8/8
  4172 | D:5      | HP: 1/28 [acid (8)]
  4459 | D:5      | Noticed a sky beast
  4470 | D:5      | Slain by a gnoll bouda
  4471 | D:5      | Reached XP level 5. HP: -1/24 MP: 8/8
  4890 | D:5      | Killed a sky beast
  4891 | D:5      | Reached XP level 6. HP: 24/28 MP: 9/9
  5200 | D:6      | Noticed an orc warrior
  5452 | D:6      | Reached XP level 7. HP: 33/33 MP: 11/11
  5511 | D:6      | Noticed Menkaure
  5523 | D:6      | Killed Menkaure
  5524 | D:6      | Reached skill level 5 in Fighting
  5943 | D:6      | Slain by an ice beast
  5944 | D:6      | Reached XP level 6. HP: 0/31 MP: 10/10
  5999 | D:6      | Slain by a wight

Illustrated notes

Levels and vault maps discovered:
D:1:      spicycebolla_green_bress_n_ham_2, layout_loops_ring,
          basic_ecumenical_altar, nicolae_hexahallways
D:2:      kennysheep_big_flooded_room, layout_basic, basic_altar, uniq_jessica
D:3:      layout_rooms, lemuel_crystal_altar, nicolae_uskayaw_dance_hall,
          uniq_ijyb, uniq_robin
D:4:      layout_rooms, mainiacjoe_overflow_alcove_4,
          mainiacjoe_overflow_brackets, worldfamousw_hep_ancestral_shrine,
          temple_hall
D:5:      minmay_angry_zag, layout_basic, nicolae_wormholes
D:6:      layout_loops_cross, kennysheep_okawaru_gauntlet, uniq_menkaure
Temple:   jpeg_temple_alley_garden

Skill      XL: |  1  2  3  4  5  6  7 |
---------------+----------------------+-----
Stealth        | 2 4 5 6 7 |  7.6
Spellcasting   | 1 2 |  2.0
Conjurations   | 1 2 |  2.0
Air Magic      | 1 2 |  2.0
Poison Magic   | 1 2 |  2.0
Fighting       | 4 6 |  6.4
Dodging        | |  4.0
Unarmed Combat | |  4.0

Action                     |  1- 3 |  4- 6 |  7- 9 || total
---------------------------+-------+-------+-------++-------
  Melee: Unarmed           |    95 |   271 |    24 ||   390
         Bite              |     7 |    22 |     4 ||    33
         Punch             |       |     9 |       ||     9
    Use: Scroll            |       |       |     3 ||     3
   Stab: Sleeping          |     7 |    13 |     3 ||    23
         Distracted        |       |     2 |       ||     2
 Armour: Skin              |     8 |     7 |     1 ||    16
  Dodge: Dodged            |    60 |   193 |    14 ||   267
